Map: Cyber Forest LE

Players

BratOK (Brat_OK) - Winner!

  • Race: Terran Terran
  • Spawn Location: 5:00

Creed

  • Race: Terran Terran
  • Spawn Location: 11:00

Event: 2019 WCS Summer

VOD

Have the link to the VOD?

Description

Time

  • Played on: July 12, 2019, 11:48 a.m.
  • Length: 21:28

All games in this series

Show
View Real Time Build Order
Export as new Build Order

BratOK Terran - Winner!

Build Orders: Gas First Reaper Expand, Hellion Opening 

Get SALT Encoding   

  12  0:00  SCV  
  13  0:12  SCV  
  14  0:17  Supply Depot  
  14  0:25  SCV  
  15  0:29  Refinery  
  15  0:38  SCV  
  16  0:44  Barracks  
  16  0:50  SCV  
  17  1:02  SCV  
  18  1:15  SCV  
  19  1:31  Orbital Command, Reaper  
  20  1:44  Command Center  
  20  1:55  Factory  
  20  1:59  SCV  
  21  2:07  Barracks Reactor  
  21  2:10  Supply Depot  
  21  2:13  SCV  
  22  2:25  SCV  
  23  2:43  Refinery  
  23  2:45  Starport  
  23  2:47  Hellion x2  
  23  2:48  SCV  
  28  2:57  Orbital Command  
  28  3:00  SCV  
  29  3:08  Hellion x2  
  33  3:18  SCV  
  34  3:21  Viking  
  34  3:24  SCV  
  34  3:26  Supply Depot  
  37  3:29  Hellion  
  37  3:33  Hellion  
  41  3:34  Barracks Tech Lab  
  41  3:38  SCV  
  41  3:40  SCV  
  43  3:48  Refinery  
  43  3:50  SCV  
  44  3:59  SCV  
  44  4:00  Factory Tech Lab  
  44  4:01  Raven  
  44  4:02  Marine x2, SCV  
  50  4:08  Supply Depot  
  50  4:11  SCV  
  50  4:13  Supply Depot  
  50  4:14  SCV  
  52  4:19  Siege Tank  
  54  4:29  SCV  
  55  4:34  Supply Depot  
  55  4:39  SCV  
  55  4:41  SCV  
  55  4:45  Supply Depot  
  57  4:49  Marine  
  57  4:50  Viking  
  57  4:51  Viking  
  62  4:53  Siege Tank  
  62  4:56  SCV  
  62  4:59  SCV  
  67  5:07  Marine  
  67  5:08  SCV  
  67  5:09  Supply Depot  
  67  5:11  SCV  
  67  5:13  Supply Depot  
  70  5:20  Command Center  
  70  5:21  SCV  
  71  5:23  SCV  
  71  5:27  Viking  
  74  5:33  SCV  
  74  5:36  Viking  
  74  5:40  SCV  
  76  5:43  Siege Tank, Marine, Supply Depot  
  76  5:45  SCV  
  81  5:52  Refinery, SCV  
  82  5:57  Viking, SCV  
  81  6:04  SCV  
  82  6:12  Liberator x2  
  82  6:13  SCV  
  77  6:30  SCV x2  
  84  6:35  Orbital Command  
  84  6:41  Siege Tank  
  84  6:42  SCV x2  
  88  6:54  SCV  
  88  7:01  SCV  
  82  7:09  Barracks Reactor  
  82  7:11  Factory  
  82  7:14  SCV x2  
  84  7:16  Viking x2  
  84  7:26  SCV x2  
  84  7:27  Engineering Bay  
  86  7:35  Siege Tank  
  88  7:38  SCV x2  
  88  7:39  Orbital Command  
  84  7:50  SCV x2  
  83  8:02  SCV x2  
  85  8:11  Siege Tank, Viking, Hellion  
  85  8:12  Hellion  
  94  8:14  SCV x2  
  96  8:25  Missile Turret, Factory  
  96  8:27  Missile Turret x3  
  96  8:29  Missile Turret  
  95  8:34  SCV x2  
  95  8:35  SCV  
  95  8:41  Viking, Hellion  
  100  8:42  Hellion  
  104  9:07  Siege Tank  
  104  9:08  Hellion  
  104  9:09  Siege Tank, Hellion  
  106  9:15  Orbital Command  
  106  9:19  Missile Turret  
  106  9:21  SCV  
  106  9:23  Command Center, SCV  
  105  9:33  SCV  
  105  9:34  Armory  
  105  9:35  Armory  
  105  9:36  Missile Turret, Hellion x2  
  105  9:38  Missile Turret  
  110  9:39  Siege Tank  
  107  9:49  SCV x3  
  110  9:54  Sensor Tower  
  110  9:56  Missile Turret  
  110  10:00  Siege Tank  
  110  10:01  Hellion x2  
  117  10:09  Supply Depot  
  117  10:13  Supply Depot  
  117  10:18  Missile Turret  
  117  10:24  Terran Vehicle And Ship Armor Level 1  
  117  10:27  Liberator  
  117  10:31  Siege Tank, SCV x3  
  123  10:36  Terran Vehicle Weapons Level 1  
  123  10:38  Supply Depot  
  123  10:39  Supply Depot  
  122  10:43  SCV x3  
  122  10:49  Liberator  
  128  10:55  SCV x3  
  128  10:56  Siege Tank  
  134  11:01  Missile Turret  
  132  11:07  Siege Tank, SCV, Hellion  
  135  11:16  Planetary Fortress  
  135  11:17  SCV x2  
  137  11:19  SCV  
  138  11:28  Missile Turret  
  138  11:29  SCV x2  
  138  11:31  Viking, SCV  
  143  11:39  Siege Tank  
  150  11:40  Siege Tank, Hellion x2  
  150  11:41  SCV x2  
  155  11:49  Barracks Reactor  
  155  11:51  SCV, Factory  
  155  11:52  Factory  
  156  11:56  Missile Turret x2  
  156  11:57  SCV x2  
  156  11:58  Refinery x2  
  158  12:01  SCV  
  158  12:03  SCV  
  160  12:09  Refinery x2, SCV  
  160  12:11  Missile Turret  
  160  12:14  Missile Turret  
  160  12:15  Missile Turret  
  161  12:24  Missile Turret  
  161  12:28  Viking  
  161  12:29  Viking  
  162  12:36  Starport  
  162  12:37  Missile Turret  
  162  12:38  Terran Vehicle And Ship Armor Level 2, Missile Turret  
  162  12:39  Terran Ship Weapons Level 1  
  162  12:40  Barracks Reactor  
  162  12:57  Factory Tech Lab  
  162  12:58  Viking  
  162  13:02  Supply Depot  
  162  13:04  Supply Depot  
  164  13:16  Starport  
  164  13:23  Cyclone x2  
  170  13:27  Viking x2, Supply Depot  
  170  13:28  Viking x2, Supply Depot  
  170  13:30  Command Center  
  178  13:40  Drilling Claws  
  178  13:42  Mag-Field Accelerator  
  178  13:43  Widow Mine  
  180  13:49  Widow Mine x3  
  186  13:55  Cyclone  
  186  13:56  Starport Tech Lab  
  186  13:57  Viking  
  186  14:01  Viking  
  186  14:02  Viking, Fusion Core  
  195  14:13  Viking  
  195  14:23  Command Center  
  189  14:28  Siege Tank x3  
  189  14:29  Hellion x2  
  174  14:34  SCV x3  
  174  14:35  SCV  
  174  14:38  Raven, Viking x2  
  178  14:39  Viking  
  178  14:43  Viking  
  178  14:44  Command Center  
  188  14:47  Terran Ship Weapons Level 2  
  188  14:58  Hellion x2  
  192  15:00  Siege Tank  
  195  15:07  Siege Tank  
  196  15:17  Liberator  
  196  15:21  Missile Turret  
  196  15:22  Missile Turret  
  196  15:32  Advanced Ballistics  
  199  15:37  Liberator  
  199  15:38  Orbital Command  
  199  15:43  Command Center  
  199  15:44  Command Center  
  200  15:57  Refinery  
  200  15:58  Refinery  
  200  16:11  Command Center, Missile Turret  
  200  16:14  Terran Vehicle And Ship Armor Level 3  
  200  16:16  Hi-Sec Auto Tracking  
  200  16:25  Orbital Command, Starport x2  
  200  16:31  Command Center  
  200  16:36  Missile Turret  
  200  16:37  Liberator  
  200  16:38  Barracks Reactor  
  200  16:42  Planetary Fortress  
  200  16:53  Siege Tank  
  199  16:58  Liberator  
  198  17:08  Factory  
  198  17:09  Factory  
  198  17:10  Factory  
  198  17:13  Neosteel Armor  
  199  17:16  Starport Tech Lab x2  
  199  17:24  Missile Turret  
  199  17:26  Missile Turret  
  199  17:30  Missile Turret, Planetary Fortress  
  197  17:49  Raven x3  
  194  17:52  SCV x2  
  194  17:57  Siege Tank  
  194  17:58  Hellion x2  
  196  18:01  Planetary Fortress  
  196  18:06  Orbital Command  
  196  18:09  Command Center  
  196  18:12  Refinery  
  196  18:18  Siege Tank  
  196  18:19  Factory Tech Lab  
  199  18:20  Factory Tech Lab, Factory Reactor, Refinery  
  199  18:47  Orbital Command  
  199  19:00  Command Center x2  
  199  19:04  Command Center  
  199  19:05  Command Center  
  194  19:10  Missile Turret  
  194  19:13  Missile Turret x2  
  192  19:18  Raven x3  
  192  19:20  Corvid Reactor  
  198  19:29  Viking  
  200  19:31  Missile Turret  
  196  19:48  Missile Turret  
  196  19:49  Missile Turret  
  196  19:54  Cyclone  
  199  20:04  Missile Turret  
  199  20:06  Missile Turret  
  199  20:07  Missile Turret  
  199  20:16  Missile Turret  
  199  20:17  Missile Turret  
  199  20:19  Missile Turret  
  175  20:37  Viking x7  
  173  21:00  Orbital Command  
  176  21:04  Hellion  
  176  21:05  Hellion  
  197  21:11  Missile Turret  
Show
View Real Time Build Order
Export as new Build Order

Creed Terran 

Build Orders: Liberator Opening 

Get SALT Encoding   

  12  0:00  SCV  
  13  0:13  SCV  
  14  0:17  Supply Depot  
  14  0:25  SCV  
  15  0:28  Refinery  
  15  0:38  SCV  
  16  0:44  Barracks  
  16  0:50  SCV  
  16  0:55  Refinery  
  17  1:02  SCV  
  18  1:15  SCV  
  19  1:31  Orbital Command, Reaper  
  20  1:35  Factory  
  20  1:43  Supply Depot  
  20  1:56  SCV  
  21  2:03  Reaper  
  22  2:08  SCV  
  23  2:19  Hellion  
  23  2:21  SCV  
  26  2:29  Command Center  
  26  2:34  Supply Depot  
  26  2:35  Reaper  
  27  2:38  SCV  
  27  2:43  Hellion  
  30  2:50  Starport  
  30  2:52  SCV  
  31  3:04  SCV  
  34  3:05  Hellion  
  34  3:14  Barracks Reactor  
  34  3:16  SCV  
  35  3:28  Factory Tech Lab, SCV  
  35  3:29  Viking  
  38  3:40  SCV  
  38  3:41  Orbital Command  
  39  3:44  Liberator  
  39  3:46  Siege Tank  
  42  3:49  Marine x2  
  42  3:52  SCV  
  42  3:55  Supply Depot  
  48  4:04  SCV  
  48  4:07  Marine x2  
  51  4:10  SCV  
  52  4:23  SCV x2  
  53  4:25  Siege Tank  
  53  4:28  Marine x2  
  53  4:30  Supply Depot  
  58  4:36  SCV x2  
  60  4:44  Viking  
  62  4:45  Supply Depot  
  62  4:56  SCV x2  
  62  4:58  Barracks x2, Marine x2  
  66  5:01  Siege Tank  
  69  5:09  Supply Depot  
  69  5:10  Engineering Bay  
  69  5:12  SCV  
  69  5:13  Refinery  
  70  5:15  Refinery  
  70  5:21  Marine x2, Starport Reactor  
  70  5:22  SCV  
  70  5:24  SCV  
  74  5:31  Supply Depot  
  74  5:34  Siege Tank  
  77  5:38  SCV x2  
  77  5:41  Marine x2  
  81  6:00  Marine x2, Barracks Tech Lab x2  
  81  6:03  SCV x2  
  81  6:07  Terran Infantry Weapons Level 1  
  80  6:17  Marine x2  
  82  6:19  Combat Shield, Marine x2  
  82  6:20  Stimpack  
  81  6:26  SCV x2  
  81  6:29  Medivac  
  81  6:31  Medivac  
  81  6:32  Command Center  
  87  6:38  Marine x2, SCV x2  
  88  6:40  Marauder x2  
  92  6:57  Siege Tank  
  85  7:02  Marauder x2, Marine x2  
  85  7:05  Medivac  
  83  7:10  SCV x2  
  84  7:20  Barracks x2  
  84  7:23  Marine x2  
  84  7:24  Marauder x2  
  84  7:29  Siege Tank  
  93  7:41  Marine, Medivac  
  93  7:42  SCV x2  
  93  7:43  Marine  
  95  7:44  Marine  
  95  7:45  Marauder  
  96  7:59  Marine  
  96  8:01  Siege Tank  
  96  8:03  Marauder  
  100  8:08  SCV x2  
  100  8:10  Orbital Command  
  101  8:13  Marine, Barracks Tech Lab x2  
  101  8:14  Marauder, Terran Infantry Armor Level 1  
  101  8:18  Medivac x2  
  108  8:22  SCV x2  
  108  8:26  Marauder, Marine  
  111  8:41  Marine x2  
  111  8:42  Marauder  
  111  8:48  Viking  
  103  9:04  SCV x2  
  94  9:13  Marauder x2  
  94  9:16  SCV  
  94  9:17  SCV  
  95  9:24  Marine x2  
  95  9:25  SCV  
  95  9:28  SCV  
  95  9:29  Marine, SCV  
  95  9:30  Marauder  
  103  9:33  Siege Tank  
  103  9:34  Marauder  
  108  9:40  Marine  
  108  9:44  Supply Depot  
  103  9:48  Marauder, Medivac x2  
  103  9:49  Marine  
  103  9:51  Marauder  
  112  9:56  Marauder  
  112  9:57  SCV  
  112  9:58  Armory, SCV  
  116  10:00  SCV  
  116  10:02  Refinery  
  116  10:03  Refinery  
  117  10:13  SCV x2  
  117  10:14  Engineering Bay, Supply Depot x2  
  119  10:16  Marine, Marauder  
  119  10:17  Marine  
  119  10:19  SCV  
  124  10:33  Command Center  
  124  10:36  Marauder  
  124  10:40  SCV x2  
  124  10:42  Viking x2  
  131  10:43  Missile Turret  
  131  10:44  Marauder  
  131  10:49  Siege Tank  
  136  10:50  Marine  
  136  10:53  Terran Infantry Weapons Level 2  
  137  10:57  Terran Infantry Armor Level 2  
  131  11:05  SCV  
  131  11:06  SCV x2  
  131  11:09  Marauder  
  134  11:12  Viking  
  134  11:14  Viking  
  138  11:23  Terran Ship Weapons Level 1  
  138  11:25  SCV x3, Starport  
  139  11:29  Supply Depot x2  
  140  11:37  SCV  
  141  11:44  Viking x2, SCV  
  141  11:46  Orbital Command  
  146  11:48  SCV  
  146  11:49  SCV  
  146  11:51  Marauder x3  
  154  12:02  Starport Reactor  
  154  12:04  Starport  
  154  12:05  Marine x2, SCV x3  
  154  12:08  Supply Depot  
  159  12:09  Supply Depot  
  159  12:11  Orbital Command  
  159  12:18  Viking x2  
  163  12:23  Sensor Tower  
  163  12:27  Marauder x3  
  169  12:35  SCV  
  169  12:36  SCV  
  171  12:37  SCV x2, Supply Depot x2  
  173  12:47  Command Center  
  173  12:48  Starport Tech Lab, SCV  
  173  12:49  Viking  
  173  12:50  Refinery x2  
  176  12:53  Viking  
  176  12:55  Viking  
  179  13:03  Missile Turret  
  179  13:04  Marauder x2  
  179  13:05  Missile Turret  
  183  13:08  Viking, Raven  
  187  13:13  Terran Infantry Weapons Level 3  
  187  13:20  Terran Infantry Armor Level 3  
  187  13:29  Viking  
  187  13:31  Command Center  
  187  13:33  Viking  
  190  13:51  Viking x2  
  190  13:52  Terran Ship Weapons Level 2  
  194  13:55  Starport  
  194  14:11  Refinery  
  194  14:12  Missile Turret  
  194  14:13  Refinery  
  194  14:16  Liberator x3  
  192  14:17  Liberator  
  192  14:18  Liberator  
  189  14:28  Marauder x2  
  189  14:29  Marauder, Marine  
  189  14:30  Marauder  
  158  14:34  Barracks  
  158  14:35  Barracks  
  158  14:36  Starport Reactor  
  171  14:46  Planetary Fortress  
  171  14:47  Refinery  
  171  14:48  Orbital Command  
  171  14:49  Marauder x2  
  171  14:52  Marauder  
  179  14:53  Marauder  
  179  14:55  SCV x2  
  179  14:56  SCV  
  179  14:57  SCV  
  183  15:05  Sensor Tower  
  183  15:11  Fusion Core  
  183  15:13  Marauder x2  
  187  15:17  Liberator x2  
  187  15:20  Barracks  
  187  15:21  Barracks  
  191  15:36  Barracks Tech Lab x2  
  191  15:37  Marauder x2  
  191  15:38  Marauder x2  
  199  16:05  Armory  
  199  16:07  Missile Turret  
  199  16:08  Missile Turret  
  199  16:10  Terran Ship Weapons Level 3  
  199  16:27  Barracks Tech Lab x2  
  198  16:49  Starport  
  198  16:50  Starport, Medivac  
  198  16:53  Starport  
  189  17:31  Liberator x5  
  179  17:50  Viking x4  
  171  17:52  Marauder x3  
  162  18:00  Viking  
  162  18:05  Missile Turret  
  162  18:06  Missile Turret  
  162  18:10  Terran Vehicle And Ship Armor Level 1  
  159  18:20  Viking x2  
  159  18:21  Viking x2  
  167  18:29  Command Center  
  167  18:30  Raven  
  166  18:34  Viking x2  
  166  18:35  Viking x3  
  176  19:06  Viking x5  
  176  19:07  Viking x2  
  187  19:13  Raven  
  189  19:17  Viking x2  
  189  19:20  Advanced Ballistics  
  189  19:22  Liberator x3  
  189  19:32  Command Center  
  189  19:36  Viking  
  188  19:56  Raven  
  188  19:59  Orbital Command  
  180  20:21  Marauder x3  
  152  20:38  Viking x4, Marauder x2  
  152  20:39  Viking  
  152  20:41  Marauder x2  
  152  20:42  Marauder x2, Marine x2  
  126  20:43  Marauder  
  126  20:48  Orbital Command  
  126  20:49  Command Center  
  119  20:59  Marauder x2  
Tags
 
Add a new tag
Caveats
  • Supply blocks, unpowered buildings, or Contaminate may cause inaccurate times.
  • Supply counts are checked every 10 seconds.